 Dungeon Crawl Stone Soup version 0.26-a0-489-g112e8ad46e (webtiles) character file.

Game seed: 17841935972696008212

1734 KristoblXynda the Covert (level 8, 0/58 HPs)
             Began as a Vampire Brigand on Aug 3, 2020.
             Was an Initiate of Ashenzari.
             Slain by a killer bee (5 damage)
             ... on level 6 of the Dungeon.
             The game lasted 00:20:36 (6782 turns).

KristoblXynda the Covert (Vampire Brigand)          Turns: 6782, Time: 00:20:37

Health: 0/58       AC:  3    Str: 11    XL:     8   Next: 76%
Magic:  0/8        EV: 20    Int: 14    God:    Ashenzari [......]
Gold:   348        SH:  0    Dex: 16    Spells: 7/7 levels left

rFire    + + .     SeeInvis +   a - +2 dagger
rCold    . . .     Faith    .   (no shield)
rNeg     . . .     Spirit   +   t - +0 robe {rF+}
rPois    .         Reflect  .   (no helmet)
rElec    .         Harm     .   c - +0 cloak
rCorr    .                      (no gloves)
MR       .....                  (no boots)
Stlth    +++++.....             p - amulet of guardian spirit
HPRegen  0.39/turn              x - ring of protection from fire
MPRegen  0.11/turn              y - +4 ring of evasion (curse)

@: lethally poisoned (0 -> -13), regenerating quickly
A: fangs 3, see invisible, unbreathing
a: Exsanguinate, Curse Item, Renounce Religion


You were on level 6 of the Dungeon.
You worshipped Ashenzari.
Ashenzari was noncommittal.
You visited 2 branches of the dungeon, and saw 8 of its levels.

You collected 348 gold pieces.

Inventory:

Hand Weapons
 a - a +2 dagger (weapon)
Missiles
 d - 6 poisoned darts (quivered)
 e - 2 curare-tipped darts
Armour
 c - a +0 cloak (worn)
 t - a +0 robe of fire resistance (worn)
Jewellery
 p - an amulet of guardian spirit (around neck)
 x - a ring of protection from fire (left hand)
 y - a cursed +4 ring of evasion (right hand)
Scrolls
 h - a scroll of magic mapping {unknown}
 m - 3 scrolls of enchant weapon
 n - a scroll of amnesia {unknown}
 o - 5 scrolls of fog
 s - a scroll of enchant armour
 u - 2 scrolls of remove curse
 v - a scroll of vulnerability {unknown}
 z - a scroll of fear {unknown}
Potions
 b - a potion of brilliance {unknown}
 g - 4 potions of heal wounds
 j - a potion of curing
 k - 2 potions of haste
 q - a potion of flight
 r - a potion of might
 w - a potion of mutation


   Skills:
 - Level 3.0 Fighting
 + Level 6.5 Short Blades
 - Level 1.5 Throwing
 + Level 3.8 Armour
 + Level 6.1 Dodging
 + Level 10.4 Stealth


You had 7 spell levels left.
You didn't know any spells.
Your spell library was empty.

Dungeon Overview and Level Annotations

Branches:
Dungeon (7/15)             Temple (1/1) D:6

Altars:
Ashenzari
Dithmenos
Elyvilon
Fedhas
Gozag
Hepliaklqana
Kikubaaqudgha
Makhleb
Nemelex Xobeh
Qazlal
Ru
Sif Muna
Trog
Uskayaw
Vehumet
Wu Jian
Xom
Yredelemnul
Zin
The Shining One
Lugonu


Innate Abilities, Weirdness & Mutations

Your natural rate of healing is unusually fast.
You have razor-sharp teeth.
You have supernaturally acute eyesight. (SInv)
You can survive without breathing.


Message History

You feel sick. The killer bee misses you. The killer bee completely misses you.
The killer bee stings you.
You are more poisoned.
The killer bee poisons you!
You feel sick. The killer bee closely misses you.
The killer bee completely misses you. The killer bee misses you.
You feel sick.
You feel sick.
You feel sick. The killer bee completely misses you.
You feel sick. The killer bee stings you.
* * * LOW HITPOINT WARNING * * *
You are lethally poisoned!
The killer bee poisons you!
* * * LOW HITPOINT WARNING * * *
You feel sick. The killer bee stings you.
* * * LOW HITPOINT WARNING * * *
The killer bee completely misses you.
* * * LOW HITPOINT WARNING * * *
You feel sick. The killer bee stings you!
You die...

#>..........###.####.#.##...
#...........# #..#...#..#...
#####...........###......##.....
#...#.........#.....####..##.#..
#.......................#.....#.
###...........#......##.#.#.....
##..........#............#....
###...........###.............
####.>.......yy.@†...........#..[
.......#..#...yy.##.......<..#...
............#....................
..........###....###.........##..
.......#### ##.#####.........####
)......# ####.....##.............
.......# #........#..........####
.......###.###...................
#...#......# #....#########.#####


You could see 4 killer bees.

Vanquished Creatures
  Menkaure (D:4)
  An ice beast (D:6)
  An eye of draining (D:5)
  An ogre (D:6)
  A centaur (D:6)
  Blork the orc (D:4)
  2 bullfrogs (D:6)
  A wyvern zombie (D:6)
  A scorpion (D:4)
  2 killer bees (D:6)
  A howler monkey (D:4)
  A bullfrog zombie (D:6)
  4 crimson imps (D:5)
  4 hounds
  An orc priest (D:4)
  2 orc wizards (D:5)
  An iguana (D:4)
  Natasha (twice) (D:3)
  6 worker ants
  A hound zombie (D:6)
  2 hound skeletons (D:6)
  A gnoll (D:5)
  5 adders
  An ooze (D:3)
  An adder zombie (D:5)
  A worm (D:3)
  4 leopard geckos
  14 orcs
  4 giant cockroaches
  8 goblins
  7 hobgoblins
  16 jackals
  9 kobolds
  4 quokkas
  9 bats
  5 frilled lizards
  A jackal skeleton (D:4)
  A leopard gecko skeleton (D:5)
  6 rats
134 creatures vanquished.

Vanquished Creatures (others)
  An adder (D:3)
1 creature vanquished.

Grand Total: 135 creatures vanquished

Notes
Turn   | Place    | Note
-------+----------+-------------------------------------------
     0 | D:1      | KristoblXynda the Vampire Brigand began the quest for the
                  | Orb.
     0 | D:1      | Reached XP level 1. HP: 16/16 MP: 1/1
   337 | D:1      | Reached skill level 6 in Stealth
   366 | D:1      | Reached XP level 2. HP: 21/22 MP: 2/2
   634 | D:2      | Found a shadowy altar of Dithmenos.
   684 | D:2      | Reached XP level 3. HP: 14/27 MP: 3/3
  1603 | D:3      | Noticed Natasha
  1606 | D:3      | Killed Natasha
  1606 | D:3      | Reached XP level 4. HP: 34/34 MP: 4/4
  1686 | D:3      | Found a burning altar of Makhleb.
  1721 | D:3      | Found a basalt altar of Yredelemnul.
  2313 | D:3      | Noticed Natasha
  2336 | D:3      | Killed Natasha
  2336 | D:3      | Reached skill level 7 in Stealth
  2336 | D:3      | Reached XP level 5. HP: 9/40 MP: 0/5
  2727 | D:4      | Found a glowing silver altar of Zin.
  2772 | D:4      | Found a stormy altar of Qazlal.
  2774 | D:4      | Found a radiant altar of Vehumet.
  2883 | D:4      | Reached XP level 6. HP: 20/47 MP: 4/6
  2885 | D:4      | Reached skill level 1 in Armour
  3289 | D:4      | Noticed Menkaure
  3296 | D:4      | Killed Menkaure
  3296 | D:4      | Reached skill level 8 in Stealth
  3336 | D:4      | Noticed Blork the orc
  3358 | D:4      | Killed Blork the orc
  3358 | D:4      | Reached XP level 7. HP: 26/52 MP: 2/7
  3713 | D:5      | Entered Level 5 of the Dungeon
  4383 | D:5      | Found a glowing golden altar of the Shining One.
  4420 | D:5      | Found a shimmering blue altar of Sif Muna.
  4438 | D:5      | Found a bloodstained altar of Trog.
  4551 | D:5      | Reached skill level 5 in Short Blades
  4850 | D:5      | Found a shimmering altar of Xom.
  4924 | D:5      | Reached skill level 9 in Stealth
  5103 | D:5      | Found an ancient bone altar of Kikubaaqudgha.
  5462 | D:6      | Reached skill level 5 in Dodging
  5486 | D:6      | Reached XP level 8. HP: 34/58 MP: 6/8
  5833 | D:6      | Found a sacrificial altar of Ru.
  6147 | D:6      | Reached skill level 10 in Stealth
  6334 | D:6      | Found a staircase to the Ecumenical Temple.
  6485 | Temple   | Entered the Ecumenical Temple
  6504 | Temple   | Became a worshipper of Ashenzari the Shackled
  6596 | D:7      | Noticed a hippogriff
  6782 | D:6      | Slain by a killer bee

Illustrated notes

Levels and vault maps discovered:
D:1:      dpeg_arrival_water_fire, layout_basic
D:2:      layout_loops_ring, nicolae_dithmenos_shadow_blocks
D:3:      layout_loops_ring, bloody_makhleb, yredelemnul_altar_generic,
          uniq_natasha
D:4:      layout_gridville, minitemple, uniq_blork_the_orc, uniq_menkaure
D:5:      layout_loops_ring, old_standard_altar, lemuel_crystal_altar,
          kennysheep_little_box, trog_eyes_of_draining, led_xom_imps
D:6:      layout_rooms, kennysheep_mini_moat, lemuel_temple_firewalk_b
D:7:      cheibrodos_helix_gallery, layout_gridville, slow_altar_1,
          david_defended_altar_orc
Temple:   corrupted_temple

Skill      XL: |  1  2  3  4  5  6  7  8 |
---------------+-------------------------+-----
Stealth        | 6 7 8 9 10 | 10.4
Fighting       | 2 3 |  3.0
Dodging        | 2 3 4 5 6 |  6.1
Short Blades   | 3 4 5 6 |  6.5
Armour         | 1 2 3 |  3.8
Throwing       | |  1.5

Action                   |  1- 3 |  4- 6 |  7- 9 || total
-------------------------+-------+-------+-------++-------
Melee: Dagger            |   130 |   151 |   404 ||   685
       Bite              |    10 |    11 |    45 ||    66
Throw: Dart              |       |    18 |    17 ||    35
Invok: Curse Item        |       |       |     1 ||     1
Evoke: Wand              |       |     9 |     3 ||    12
  Use: Scroll            |     4 |     5 |     7 ||    16
       Potion            |     1 |       |     3 ||     4
 Stab: Sleeping          |    16 |     7 |     7 ||    30
       Distracted        |       |       |     1 ||     1
Armor: Robe              |    26 |    15 |    41 ||    82
Dodge: Dodged            |    78 |    94 |   281 ||   453

Table legend: (Time is in decaauts)
 A = Elapsed time spent in this place.
 B = Non-inter-level travel time spent in this place.
 C = Inter-level travel time spent in this place.
 D = Time resting spent in this place.
 E = Time spent auto-exploring this place.
 F = Levels seen in this place.
 G = Mean time per level.
                   A        B        C        D        E       F      G
               +--------+--------+--------+--------+--------+-----+--------+
         Total |   6656 |   6383 |    273 |   1718 |   2359 |   8 |  832.0 |
       Dungeon |   6593 |   6335 |    258 |   1718 |   2334 |   7 |  941.9 |
        Temple |     62 |     47 |     15 |      0 |     25 |   1 |   62.0 |
               +--------+--------+--------+--------+--------+-----+--------+

Top non-repeatable levels by time:
     D:5: 1649 daAuts
     D:6: 1255 daAuts
     D:4: 1194 daAuts
     D:2: 939 daAuts
     D:3: 928 daAuts
     D:1: 612 daAuts
  Temple: 62 daAuts
     D:7: 14 daAuts
